 Dungeon Crawl Stone Soup version 0.18.1-50-g88ac8fd (webtiles) character file.

49 go0n the Sneak (level 3, 0/24 HPs)
             Began as an Octopode Assassin on Sept 17, 2016.
             Slain by Sigmund
             ... wielding a +0 scythe
              (9 damage)
             ... on level 2 of the Dungeon.
             The game lasted 00:03:56 (1545 turns).

go0n the Sneak (Octopode Assassin)                  Turns: 1545, Time: 00:03:57

Health: 0/24       AC:  1    Str: 10    XL:     3   Next: 77%
Magic:  3/3        EV: 12    Int: 13    God:
Gold:   68         SH:  0    Dex: 14    Spells: 0 memorised, 2 levels left

rFire  . . .     SeeInvis .     i - -1 dagger (curse)
rCold  . . .     Gourm    .     (no shield)
rNeg   . . .     Faith    .     (helmet restricted)
rPois  .         Spirit   .     (no amulet)
rElec  .         Dismiss  .     (no ring)
rCorr  .         Reflect  .     (no ring)
SustAt .         Harm     .     (no ring)
MR     .....                    (no ring)
Stlth  +++++.....               (no ring)
                                (no ring)
                                (no ring)
                                (no ring)

@: not resistant to hostile enchantments, quite stealthy
A: almost no armour, amphibious, 8 rings, constrict 8, camouflage 1, gelatinous
body 1
a: no special abilities


You were on level 2 of the Dungeon.
You were full.

You visited 1 branch of the dungeon, and saw 2 of its levels.

You collected 68 gold pieces.

Inventory:

Hand Weapons
 a - a +2 dagger
 b - a +0 blowgun
 e - a +0 dagger
 h - a +0 dagger
 i - a cursed -1 dagger (weapon)
Missiles
 c - 22 poisoned needles
 d - a curare-tipped needle
Scrolls
 k - a scroll of immolation
 l - a scroll of identify
Potions
 m - a potion of might {unknown}
 n - a potion of haste {unknown}
Comestibles
 f - 3 bread rations
 j - a slice of pizza
 p - a royal jelly


   Skills:
 - Level 2.0 Fighting
 + Level 3.0 Short Blades
 - Level 2.0 Throwing
 - Level 1.0 Dodging
 + Level 6.5 Stealth


You had 2 spell levels left.
You didn't know any spells.

Dungeon Overview and Level Annotations

Branches:
Dungeon (2/15)

Altars:

Annotations:
D:2 Sigmund


Innate Abilities, Weirdness & Mutations

You cannot wear most types of armour.
You are amphibious.
You can wear up to eight rings at the same time.
You can use your tentacles to constrict eight enemies at once.
Your skin changes colour to match your surroundings (Stealth).
Your rubbery body absorbs attacks (AC +1).


Message History

Sigmund shouts!
Sigmund points at you and mumbles some strange words.
The magic dart hits you!
Fire/throw which item? (* to show all) (? for menu, Esc to quit)
Press: ? - help, Shift-Dir - straight line, f - Sigmund
Aim: Sigmund, wielding a scythe and wearing a robe You toss away a curare-tipped needle.
The curare-tipped needle hits Sigmund.
Sigmund points at you and mumbles some strange words.
You are confused.
Fire/throw which item? (* to show all) (? for menu, Esc to quit)
You toss away a poisoned needle.
Unknown command.
Fire/throw which item? (* to show all) (? for menu, Esc to quit)
You toss away a poisoned needle.
Sigmund misses you.
You bump into the rock wall.
Sigmund hits you with a scythe!
You bump into the rock wall.
You feel less confused. Sigmund hits you with a scythe!
You die...

.##..........# #.##..##..........
.####.##..######(##..####.###..#.
.# #.##..####.#.##..# #.# #..#.
.# #.##.........(...# ##.###..#.
.# #.##.#####.#.#######.......#.
## #.##.# #........###.####.#. #
#.##.# #.#.####.# #.# #.#. #.##.#
#.#(# #.# #.####.#. ...... ..#@#
#.# #..†..... #.### ##.#@# #.#
######.#. #.#.# #.# #.#. #(#
#.##### #... #.# #.....# ###. #.#
#####.######. #.# #........ ###
#########


You could see Sigmund.

Vanquished Creatures
  An adder (D:2)
  A dart slug (D:1)
  2 giant geckos (D:1)
  2 bats
  3 giant cockroaches (D:1)
  4 goblins
  5 hobgoblins
  4 jackals (D:2)
  5 kobolds
  A ball python (D:1)
  3 rats (D:1)
31 creatures vanquished.

Notes
Turn   | Place    | Note
--------------------------------------------------------------
     0 | D:1      | go0n the Octopode Assassin began the quest for the Orb.
     0 | D:1      | Reached XP level 1. HP: 14/14 MP: 1/1
   270 | D:1      | Reached XP level 2. HP: 19/19 MP: 2/2
   519 | D:1      | Reached skill level 6 in Stealth
   656 | D:1      | Reached XP level 3. HP: 8/24 MP: 3/3
  1224 | D:2      | Found a faded altar to an unknown god.
  1537 | D:2      | Noticed Sigmund
  1545 | D:2      | Slain by Sigmund

Skill      XL: |  1  2  3 |
---------------+----------+-----
Stealth        | 6 |  6.5
Short Blades   | 3 |  3.0
Fighting       | |  2.0
Throwing       | |  2.0
Dodging        | |  1.0

Action                   || total
-------------------------++-------
Melee: Dagger            ||    56
       Constrict         ||    13
       Tentacles         ||     8
  Use: Scroll            ||     2
 Stab: Sleeping          ||    12
  Eat: Chunk             ||     2
       Meat ration       ||     1
Armor: Skin              ||     2
Dodge: Dodged            ||    17
